 Dungeon Crawl Stone Soup version 0.29-a0-360-g8ed1089bbe (webtiles) character file.

Game seed: 6242891631212312883

150 Zakronia the Shield-Bearer (level 5, -1/52 HPs)
             Began as a Troll Fighter on Apr 29, 2022.
             Slain by an iguana (5 damage)
             ... on level 4 of the Dungeon.
             The game lasted 00:08:04 (2028 turns).

Zakronia the Shield-Bearer (Troll Fighter)          Turns: 2028, Time: 00:08:05

Health: -1/52      AC:  8    Str: 26    XL:     5   Next: 10%
Magic:  4/4        EV:  8    Int:  4    God:
Gold:   110        SH:  7    Dex:  9    Spells: 4/4 levels left

rFire   . . .      SeeInvis .   a - +0 war axe
rCold   . . .      Faith    .   c - +0 kite shield
rNeg    . . .      Spirit   .   b - +0 robe
rPois   .          Reflect  .   (helmet restricted)
rElec   .          Harm     .   (no cloak)
rCorr   .          Rampage  .   (gloves unavailable)
Will    .....                   (boots unavailable)
Stlth   +.........              (no amulet)
HPRegen 0.97/turn               p - +4 ring of protection
MPRegen 0.09/turn               (no ring)

@: no status effects
A: large, unfitting armour, claws 3, regeneration 1, shaggy fur 1, tough skin 1
a: no special abilities


You were on level 4 of the Dungeon.
You visited 1 branch of the dungeon, and saw 4 of its levels.

You collected 110 gold pieces.

Inventory:

Hand Weapons
 a - a +0 war axe (weapon)
 f - a +0 glaive
 o - a +0 long sword
Missiles
 g - 83 stones (quivered)
 m - 8 poisoned darts
Armour
 b - a +0 robe (worn)
 c - a +0 kite shield (worn)
Jewellery
 p - a +4 ring of protection (left claw)
Wands
 i - a wand of iceblast (9)
 j - a wand of paralysis (4)
 k - a wand of charming (4)
Potions
 d - a potion of might
 e - 2 potions of degeneration
 h - 2 potions of heal wounds
 l - a potion of ambrosia {unknown}
 n - a potion of brilliance


   Skills:
 + Level 2.9 Fighting
 + Level 2.8 Axes
 + Level 3.0 Dodging
 + Level 0.4 Stealth
 + Level 3.2 Shields


You had 4 spell levels left.
You didn't know any spells.
Your spell library contained the following spells:

 Spells                   Type           Power      Damage    Failure   Level
 Foxfire                  Conj/Fire      0%         2x1d4     80%         1
 Sandblast                Erth           0%         2d4       80%         1
 Passwall                 Tmut/Erth      0%         N/A       90%         2
 Static Discharge         Conj/Air       0%         N/A       90%         2
 Conjure Flame            Conj/Fire      0%         6-21      99%         3
 Inner Flame              Hex/Fire       0%         N/A       99%         3
 Stone Arrow              Conj/Erth      0%         3d7       99%         3
 Flame Wave               Conj/Fire      0%         2d4       100%        4
 Lightning Bolt           Conj/Air       0%         1d11      100%        5
 Maxwell's Capacitive Co  Air            0%         ∞         100%        8


Dungeon Overview and Level Annotations

Branches:
Dungeon (4/15)
 Temple: D:4-7

Altars:

Shops:
D:1 *[


Innate Abilities, Weirdness & Mutations

You are too large for most types of armour.
You have claws for hands.
Your natural rate of healing is unusually fast.
You are covered in fur. (AC +1)
You have tough skin. (AC +1)


Message History

The orc warrior is moderately wounded.
You barely miss the hobgoblin.
The hobgoblin hits you but does no damage.
You block the orc warrior's attack.
You hit the orc warrior but do no damage.
The orc warrior is moderately wounded.
You slash the iguana! You barely miss the hobgoblin.
The iguana barely misses you. The hobgoblin misses you.
You block the orc warrior's attack. The iguana barely misses you.
The orc warrior barely misses you. The hobgoblin misses you.
You hit the orc warrior but do no damage.
The orc warrior is moderately wounded.
You slash the iguana! You barely miss the hobgoblin.
The iguana closely misses you.
The orc warrior hits you with a +0 flail of flaming.
The orc warrior burns you. The hobgoblin barely misses you.
You barely miss the orc warrior.
The orc warrior is moderately wounded.
You hit the hobgoblin. You hit the iguana but do no damage.
The iguana bites you. The hobgoblin hits you.
The orc warrior hits you with a +0 flail of flaming!
The orc warrior burns you. You block the hobgoblin's attack.
The iguana barely misses you. You block the orc warrior's attack.
You closely miss the orc warrior.
The orc warrior is moderately wounded.
You barely miss the iguana. You barely miss the hobgoblin.
The iguana bites you!
The orc warrior hits you with a +0 flail of flaming.
The orc warrior burns you. The hobgoblin hits you.
You barely miss the orc warrior.
The orc warrior is moderately wounded.
You hit the iguana but do no damage. You hit the hobgoblin.
The iguana misses you.
The hobgoblin hits you but does no damage.
The orc warrior hits you with a +0 flail of flaming!
* * * LOW HITPOINT WARNING * * *
The orc warrior burns you.
* * * LOW HITPOINT WARNING * * *
The iguana bites you.
You die...

... . ...
.## ##.##
>...
##...##....
....#.....
......#
#ol...#
##@g...#
#......#
#....#.....
#.##..#
...# #..
.... .## ##
...## ..
#...# .
....# ##.#.


You could see an orc warrior, an iguana and a hobgoblin.

Vanquished Creatures
  5 adders
  A gnoll (D:1)
  2 worms (D:3)
  2 dart slugs
  2 orcs (D:4)
  A ball python (D:1)
  5 bats
  4 endoplasms
  A giant cockroach (D:1)
  5 goblins
  4 hobgoblins
  6 jackals
  8 kobolds
  2 quokkas
  2 frilled lizards (D:2)
  4 rats
54 creatures vanquished.

Vanquished Creatures (collateral kills)
  An orc wizard (D:3)
  An orc (D:3)
  A ball python (D:3)
3 creatures vanquished.

Grand Total: 57 creatures vanquished

Notes
Turn   | Place    | Note
-------+----------+-------------------------------------------
     0 | D:1      | Zakronia the Troll Fighter began the quest for the Orb.
     0 | D:1      | Reached XP level 1. HP: 22/22 MP: 0/0
     2 | D:1      | Noticed an octopode
     2 | D:1      | Noticed a vampire
     4 | D:1      | Noticed a merfolk
     4 | D:1      | Noticed an elf
     6 | D:1      | Noticed a vine stalker
     8 | D:1      | Noticed a human
    10 | D:1      | Noticed a draconian
    12 | D:1      | Noticed a ghoul
    12 | D:1      | Noticed a tengu
    20 | D:1      | Noticed a minotaur
    22 | D:1      | Noticed a formicid
    22 | D:1      | Noticed a spriggan
    24 | D:1      | Noticed a gargoyle
    26 | D:1      | Noticed a felid
    26 | D:1      | Noticed a naga
    28 | D:1      | Noticed a demigod
    28 | D:1      | Noticed a troll
    30 | D:1      | Noticed an ogre
    30 | D:1      | Noticed a demonspawn
    32 | D:1      | Noticed a dwarf
   256 | D:1      | Reached XP level 2. HP: 28/29 MP: 1/1
   361 | D:1      | Found Reishy's General Store.
   431 | D:1      | Found Iref's Antique Armour Boutique.
   748 | D:1      | Reached XP level 3. HP: 32/36 MP: 2/2
   843 | D:1      | Found a faded altar of an unknown god.
  1352 | D:2      | Reached XP level 4. HP: 38/44 MP: 3/3
  2011 | D:3      | Reached XP level 5. HP: 47/52 MP: 4/4
  2020 | D:4      | Noticed an orc warrior
  2028 | D:4      | Slain by an iguana

Illustrated notes

Levels and vault maps discovered:
D:1:      kb_arrival_jail, layout_loops_corners, serial_shops, shop, shop,
          shapermc_ecumenical_altar_petra
D:2:      layout_rooms
D:3:      layout_basic
D:4:      layout_cave_pools, mainiacjoe_overflow_alcove_1,
          nzn_overflow_gifts_of_might_and_magic, gup_sewer_entry_bubbles

Skill      XL: |  1  2  3  4 |
---------------+-------------+-----
Axes           | 2 |  2.8
Shields        | 3 |  3.2
Dodging        | 3 |  3.0
Fighting       | |  2.9
Stealth        | |  0.4

Action                   |  1- 3 |  4- 6 || total
-------------------------+-------+-------++-------
Melee: War axe           |    90 |    70 ||   160
Evoke: Wand              |       |     2 ||     2
  Use: Scroll            |     2 |     6 ||     8
 Stab: Distracted        |       |     1 ||     1
Armor: Robe              |    34 |    39 ||    73
Dodge: Dodged            |    34 |    44 ||    78
Block: Kite shield       |    46 |    38 ||    84

Table legend: (Time is in decaauts)
 A = Elapsed time spent in this place.
 B = Non-inter-level travel time spent in this place.
 C = Inter-level travel time spent in this place.
 D = Time resting spent in this place.
 E = Time spent auto-exploring this place.
 F = Levels seen in this place.
 G = Mean time per level.
                   A        B        C        D        E       F      G
               +--------+--------+--------+--------+--------+-----+--------+
         Total |   2112 |   2078 |     34 |      0 |    753 |   4 |  528.0 |
       Dungeon |   2112 |   2078 |     34 |      0 |    753 |   4 |  528.0 |
               +--------+--------+--------+--------+--------+-----+--------+

Top non-repeatable levels by time:
     D:1: 1017 daAuts
     D:3: 645 daAuts
     D:2: 408 daAuts
     D:4: 40 daAuts
